 Dungeon Crawl Stone Soup version 0.30-b1-2-g02819fbbbe (webtiles) character file.

Game seed: 2355771431741924262

8 Alarkh the Vexing (level 2, 21/21 HPs)
             Began as a Demonspawn Hexslinger on July 11, 2023.
             Got out of the dungeon alive.
             The game lasted 00:00:22 (277 turns).

Alarkh the Vexing (Demonspawn Hexslinger)            Turns: 277, Time: 00:00:23

Health: 21/21      AC:  2    Str: 10    XL:     2   Next: 0%
Magic:  3/3        EV: 12    Int: 14    God:
Gold:   27         SH:  0    Dex: 13    Spells: 2/3 levels left

rFire   . . .        a - +1 sling
rCold   . . .        (no shield)
rNeg    . . .        c - +0 robe
rPois   .            (helmet restricted)
rElec   .            (no cloak)
rCorr   .            (no gloves)
SInv    .            (no boots)
Will    .....        (no amulet)
Stlth   +            (no ring)
HPRegen 0.23/turn    (no ring)
MPRegen 0.08/turn

%: no passive effects
@: no status effects
A: horns 1
a: no special abilities


You escaped.
You visited 1 branch of the dungeon, and saw 1 of its levels.

You collected 27 gold pieces.

Inventory:

Hand Weapons
 a - a +1 sling (weapon)
Armour
 c - a +0 robe (worn)
Scrolls
 b - a scroll of poison
 d - 3 scrolls of identify {unknown}
 f - a scroll of fear {unknown}
Potions
 e - a potion of invisibility {unknown}


   Skills:
 + Level 1.4 Fighting
 * Level 2.2 Ranged Weapons
 - Level 1.7 Dodging
 - Level 1.0 Spellcasting
 - Level 3.0 Hexes


You had 2 spell levels left.
You knew the following spells:

 Your Spells              Type           Power      Damage    Failure   Level
a - Slow                  Hex            36%        N/A       8%          1

Your spell library contained the following spells:

 Spells                   Type           Power      Damage    Failure   Level
 Inner Flame              Hex/Fire       4%         N/A       38%         3
 Portal Projectile        Hex/Tloc       8%         N/A       38%         3
 Cause Fear               Hex            4%         N/A       58%         4
 Dragon Form              Tmut           0%         N/A       100%        7
 Dragon's Call            Summ           0%         N/A       100%        9


Dungeon Overview and Level Annotations

Branches:
Dungeon (1/15)

Altars:


Innate Abilities, Weirdness & Mutations

You have a pair of small horns on your head.


Message History

You kill the kobold!
No target in view!
No target in view!
Found a dagger.
You see here a +0 leather armour.
An endoplasm comes into view.
An endoplasm is nearby!
You shoot a sling bullet. The sling bullet hits the endoplasm!
You kill the endoplasm!
A bat comes into view.
You shoot a sling bullet.
The sling bullet closely misses the bat.
The bat barely misses you.
You shoot a sling bullet. The sling bullet misses the bat.
The bat hits you. The bat hits you but does no damage.
A bat is nearby!
A bat is nearby!
You shoot a sling bullet. The sling bullet hits the bat.
The bat is moderately wounded.
The bat hits you but does no damage.
You shoot a sling bullet. The sling bullet hits the bat.
You kill the bat!
No target in view!
Found a pair of gloves.
You now have 27 gold pieces (gained 7).
You see here a +0 pair of gloves.
A rat comes into view.
A rat is nearby!
You shoot a sling bullet.
The sling bullet hits the rat but does no damage.
You shoot a sling bullet.
The sling bullet closely misses the rat.
You shoot a sling bullet. The sling bullet hits the rat.
You kill the rat!
You have reached level 2!
Your demonic ancestry asserts itself...
A pair of horns grows on your head!
There is a staircase leading out of the dungeon here.
Are you sure you want to leave the Dungeon?
This will make you lose the game!
You have escaped!

#.# #.#.# #######.# #.#.#
##.....### #.#†# ##########
#+.......## #.#.#
.........###.........+##.#.#
.......).##..........(##.#.###
#######.##.............#.....#
##.....##..............###.#.#
...###..........@............#
.......##..............#####.#
#..####.+#.............# #.#
...####..##...........## #.#
.........###.........+######.#
.........# ##.......##....>..#
#.######.#####.....##..#####.#
#.# #....########.### #.#
####.# #..# #.#


There were no monsters in sight!

Vanquished Creatures
  2 endoplasms (D:1)
  2 goblins (D:1)
  A kobold (D:1)
  A bat (D:1)
  A rat (D:1)
7 creatures vanquished.

Notes
Turn   | Place    | Note
-------+----------+-------------------------------------------
     0 | D:1      | Alarkh the Demonspawn Hexslinger began the quest for the
                  | Orb.
     0 | D:1      | Reached XP level 1. HP: 15/15 MP: 2/2
   264 | D:1      | Gained mutation: You have a pair of small horns on your
                  | head. [demonic ancestry]
   264 | D:1      | Reached XP level 2. HP: 21/21 MP: 3/3
   277 | D:$      | Got out of the dungeon alive.

Illustrated notes

Levels and vault maps discovered:
D:1:      lemuel_arrival_rhombus, layout_loops_ring, serial_shops,
          nicolae_shop_just_a_little_nook

Skill      XL: |  1 |
---------------+----+-----
Ranged Weapons | 2 |  2.2
Fighting       | |  1.4
Dodging        | |  1.7
Spellcasting   | |  1.0
Hexes          | |  3.0

Action                     || total
---------------------------++-------
   Fire: Sling             ||    14
 Armour: Robe              ||     2
  Dodge: Dodged            ||     1
